 Dungeon Crawl Stone Soup version 0.21.1-1-g345015f (webtiles) character file.

12645 nicolaieve the Severer (level 11, -17/92 HPs)
             Began as a Minotaur Berserker on July 7, 2018.
             Was a High Priest of Trog.
             Demolished by a white ugly thing (45 damage)
             ... on level 12 of the Dungeon.
             The game lasted 00:54:43 (9515 turns).

nicolaieve the Severer (Minotaur Berserker)         Turns: 9515, Time: 00:54:44

Health: -17/92     AC: 17    Str: 25    XL:     11   Next: 65%
Magic:  10/10      EV: 11    Int:  4    God:    Trog [*****.]
Gold:   711        SH:  0    Dex: 10    Spells: 10/10 levels left

rFire    . . .     SeeInvis +   a - +4 broad axe (venom)
rCold    x . .     Gourm    +   (no shield)
rNeg     . . .     Faith    .   d - +0 plate armour
rPois    +         Spirit   .   (helmet restricted)
rElec    .         Reflect  .   u - +1 cloak
rCorr    +         Harm     .   E - +1 pair of gloves of the End {rPois rC- SInv}
MR       .....                  (no boots)
Stlth    ..........             f - amulet of the gourmand
HPRegen  0.25/turn              J - ring of resist corrosion
MPRegen  0.12/turn              I - +4 ring of evasion

@: heavily drained
A: retaliatory headbutt, horns 2
a: Berserk, Trog's Hand, Brothers in Arms, Burn Spellbooks, Renounce Religion


You were on level 12 of the Dungeon.
You worshipped Trog.
Trog was extremely pleased with you.
You were completely stuffed.

You visited 1 branch of the dungeon, and saw 12 of its levels.
You also visited: Sewer, Ossuary and Bailey.

You collected 711 gold pieces.

Inventory:

Hand Weapons
 a - a +4 broad axe of venom (weapon)
 H - a +0 whip of flaming
 O - a +0 war axe of electrocution
 R - a +2 war axe of electrocution
 S - a +0 battleaxe
Missiles
 K - 71 tomahawks of returning (quivered)
Armour
 d - a +0 plate armour (worn)
 u - a +1 cloak (worn)
 E - the +1 pair of gloves of the End (worn) {rPois rC- SInv}
   (You found it on level 7 of the Dungeon)

   It makes you vulnerable to cold.
   It protects you from poison.
   It lets you see invisible.
 N - a +2 pair of gloves
Jewellery
 f - an amulet of the gourmand (around neck)
 I - a +4 ring of evasion (right hand)
 J - a ring of resist corrosion (left hand)
 M - a cursed ring of loudness {unknown}
Wands
 x - a wand of iceblast (4)
 F - a wand of acid (5)
 P - a wand of digging (14)
 T - a wand of polymorph (18)
 V - a wand of paralysis (19)
Scrolls
 b - 7 scrolls of remove curse
 h - 4 scrolls of identify {unknown}
 j - 5 scrolls of teleportation
 m - a scroll of fear {unknown}
 o - 2 scrolls of enchant armour {unknown}
 p - 3 scrolls of immolation {unknown}
 s - 3 scrolls of magic mapping
 t - 3 scrolls of noise {unknown}
 w - 2 scrolls of blinking {unknown}
 y - a scroll of fog {unknown}
 Q - 2 scrolls of enchant weapon {unknown}
 U - a scroll of holy word {unknown}
Potions
 e - 2 potions of brilliance {unknown}
 g - 3 potions of lignification {unknown}
 i - 6 potions of heal wounds
 l - 8 potions of curing {unknown}
 n - 5 potions of haste
 q - 3 potions of might {unknown}
 r - a potion of agility {unknown}
 v - 4 potions of flight {unknown}
 z - a potion of resistance {unknown}
 A - a potion of invisibility {unknown}
 B - 6 potions of magic {unknown}
 C - 2 potions of ambrosia {unknown}
 D - 5 potions of mutation {unknown}
 G - 5 potions of cancellation {unknown}
 L - a potion of experience {unknown}
Comestibles
 c - 26 rations
 k - 5 chunks of flesh


   Skills:
 - Level 7.5(4.6) Fighting
 * Level 18.3(14.5) Axes
 - Level 8.9(5.9) Armour
 - Level 2.1(0.0) Dodging


You had 10 spell levels left.
You didn't know any spells.

Dungeon Overview and Level Annotations

Branches:
Dungeon (12/15)            Temple (0/1) D:4            Lair (0/6) D:10
    Orc (0/2) D:9

Altars:
Cheibriados
Dithmenos
Fedhas
Hepliaklqana
Kikubaaqudgha
Makhleb
Nemelex Xobeh
Ru
Trog
Wu Jian
Xom
Yredelemnul

Shops:
D:4 [   D:10 (

Annotations:
D:6 1 runed door


Innate Abilities, Weirdness & Mutations

You reflexively headbutt those who attack you in melee.
You have a pair of horns on your head.


Message History

You feel a terrible chill! The centaur hits you.
Your plate armour prevents you from hitting the centaur.
You kill the centaur!
Trog accepts your kill.
You slash the white ugly thing!
The white ugly thing looks as sick as possible!
The white ugly thing stings you but does no damage.
You slash the shadow! Your headbutt misses the shadow.
The shadow is heavily damaged.
You hit the white ugly thing. The white ugly thing barely misses you.
The shadow hits you.
You slash the shadow!
You destroy the shadow!
Trog accepts your kill.
You hit the white ugly thing but do no damage.
The white ugly thing looks as sick as possible!
The white ugly thing stings you but does no damage.
The white ugly thing stings you! The white ugly thing freezes you!!!
You feel a terrible chill!
You die...

#.... #..........
#...< ##.......!.
##... #.........
###> . #........ ##
#.#$...... #
#.....$.. #
#.#....# . #....u@#
# # ##....(## ###..
#
#..#....######....#
#.. ####...##....#
. ###.....# ###..##
#..## ##..# #..#


You could see a white ugly thing.

Vanquished Creatures
  Erica (D:10)
  4 two-headed ogres
  Sonja (D:10)
  Pikel (D:6)
  The ghost of RottenKnight the Conjurer, a novice DrCj of Sif Muna (D:6)
  A cyclops (D:10)
  A gargoyle (D:11)
  2 trolls
  2 shadows
  A wyvern (D:8)
  A spriggan (D:7)
  7 yaks
  A soldier ant (D:6)
  4 orc warriors
  4 slaves (D:6)
  A black bear (D:12)
  2 eyes of draining
  2 phantoms
  An ice beast (D:10)
  4 ogres
  13 centaurs
  A crocodile (D:11)
  4 bullfrogs
  4 big kobolds
  A gnoll sergeant (D:9)
  3 water moccasin zombies
  4 scorpions
  3 howler monkeys (D:11)
  A bullfrog zombie (D:9)
  5 crimson imps
  A hound (D:7)
  2 jellies
  3 orc priests
  4 orc wizards
  2 centaur skeletons
  2 bullfrog skeletons
  4 iguanas
  8 worker ants
  A big kobold zombie (Ossuary)
  A hound zombie (D:10)
  2 hound skeletons
  2 mummies (Ossuary)
  21 gnolls
  15 adders
  3 oozes (Sewer)
  An adder skeleton (D:9)
  2 adder zombies (Ossuary)
  3 worms
  2 dart slugs
  6 leopard geckos
  25 orcs
  4 ball pythons
  5 bats
  16 giant cockroaches
  12 goblins
  14 hobgoblins
  4 jackals (D:1)
  40 kobolds
  2 quokkas
  4 frilled lizards (D:2)
  A gnoll zombie (Ossuary)
  6 hobgoblin zombies (Ossuary)
  7 kobold zombies (Ossuary)
  2 orc zombies (Ossuary)
  14 rats
  A butterfly (D:6)
323 creatures vanquished.

Vanquished Creatures (others)
  A sky beast (D:11)
  A howler monkey (D:10)
2 creatures vanquished.

Grand Total: 325 creatures vanquished

Notes
Turn   | Place    | Note
-------+----------+-------------------------------------------
     0 | D:1      | nicolaieve the Minotaur Berserker began the quest for the Orb.
     0 | D:1      | Reached XP level 1. HP: 19/19 MP: 0/0
   132 | D:1      | Reached skill level 4 in Axes
   177 | D:1      | Reached XP level 2. HP: 22/27 MP: 1/1
   863 | D:2      | Reached XP level 3. HP: 27/33 MP: 2/2
   977 | D:2      | Reached ** piety under Trog
   979 | D:2      | Reached skill level 5 in Axes
  1045 | D:2      | Found a hazy altar of Hepliaklqana.
  1102 | D:2      | Found a shimmering altar of Xom.
  1102 | D:2      | Found a shimmering altar of Xom.
  1218 | D:2      | Found a snail-covered altar of Cheibriados.
  1544 | D:3      | Reached XP level 4. HP: 39/40 MP: 3/3
  1664 | D:3      | Noticed an ogre
  1668 | D:3      | Killed an ogre
  1668 | D:3      | Reached skill level 6 in Axes
  1668 | D:3      | Reached XP level 5. HP: 47/47 MP: 4/4
  2059 | D:4      | Found a glowing drain.
  2080 | Sewer    | Entered a sewer
  2125 | Sewer    | Reached *** piety under Trog
  2148 | Sewer    | Reached skill level 7 in Axes
  2148 | Sewer    | Reached XP level 6. HP: 41/53 MP: 5/5
  2512 | D:4      | Found Zanukh's Antique Armour Boutique.
  2744 | D:4      | Found a burning altar of Makhleb.
  2902 | D:4      | Found a staircase to the Ecumenical Temple.
  2947 | D:4      | Found a sacrificial altar of Ru.
  3069 | D:5      | Entered Level 5 of the Dungeon
  3079 | D:5      | Found a sand-covered staircase.
  3261 | D:5      | Reached skill level 8 in Axes
  3307 | D:5      | Reached skill level 5 in Fighting
  3307 | D:5      | Reached XP level 7. HP: 36/61 MP: 6/6
  3317 | D:5      | Found an ornate altar of the Wu Jian Council.
  3317 | D:5      | Found a basalt altar of Yredelemnul.
  3318 | D:5      | Found an ancient bone altar of Kikubaaqudgha.
  3319 | D:5      | Found a bloodstained altar of Trog.
  3409 | Ossuary  | Entered an ossuary
  3645 | Ossuary  | Reached **** piety under Trog
  3936 | D:5      | Reached skill level 9 in Axes
  4160 | D:5      | Found a sparkling altar of Nemelex Xobeh.
  4471 | D:6      | Reached skill level 5 in Armour
  4618 | D:6      | Noticed Pikel
  4652 | D:6      | Killed Pikel
  4652 | D:6      | Reached skill level 10 in Axes
  4652 | D:6      | Reached XP level 8. HP: 41/69 MP: 7/7
  4779 | D:6      | Noticed RottenKnight's ghost (novice DrCj)
  4797 | D:6      | Killed RottenKnight's ghost
  4797 | D:6      | Reached skill level 11 in Axes
  4882 | D:6      | Found a sparkling altar of Nemelex Xobeh.
  4931 | D:6      | Found a runed door.
  5031 | D:6      | Found a shadowy altar of Dithmenos.
  5048 | D:6      | Reached XP level 9. HP: 64/75 MP: 8/8
  5165 | D:6      | Found a runed door.
  5181 | D:6      | Reached skill level 12 in Axes
  5313 | D:7      | Reached ***** piety under Trog
  5395 | D:7      | Found a flagged portal.
  5409 | Bailey   | Entered a bailey
  6073 | D:7      | Reached skill level 13 in Axes
  6189 | D:7      | Got a pair of ichor-stained gloves
  6195 | D:7      | Identified the +1 pair of gloves of the End {rPois rC- SInv} (You found it on level 7 of the Dungeon)
  7195 | D:9      | Noticed an unseen horror
  7213 | D:9      | Found a staircase to the Orcish Mines.
  7327 | D:9      | Reached XP level 10. HP: 77/86 MP: 9/9
  7414 | D:9      | Noticed a two-headed ogre
  7424 | D:9      | Killed a two-headed ogre
  7424 | D:9      | Reached skill level 14 in Axes
  7441 | D:9      | Received a gift from Trog
  7514 | D:9      | Noticed a two-headed ogre
  7520 | D:9      | Killed a two-headed ogre
  7560 | D:9      | Got a twisted scale mail
  7571 | D:9      | Identified the +1 scale mail "Fiacitag" {MR- Int+8 Dex+7} (You found it on level 9 of the Dungeon)
  7773 | D:10     | Entered Level 10 of the Dungeon
  7805 | D:10     | Noticed a two-headed ogre
  7806 | D:10     | Reached skill level 15 in Axes
  7814 | D:10     | Killed a two-headed ogre
  7852 | D:10     | Found Rabuttepp's Antique Weapon Emporium.
  8000 | D:10     | Noticed a cyclops
  8010 | D:10     | Killed a cyclops
  8010 | D:10     | Reached skill level 16 in Axes
  8034 | D:10     | Reached XP level 11. HP: 80/92 MP: 10/10
  8057 | D:10     | Noticed Erica
  8060 | D:10     | Noticed Sonja
  8063 | D:10     | Killed Erica
  8122 | D:10     | Killed Sonja
  8122 | D:10     | Reached skill level 17 in Axes
  8125 | D:10     | Found a burning altar of Makhleb.
  8146 | D:10     | Found a staircase to the Lair.
  8262 | D:10     | Noticed a two-headed ogre
  8269 | D:10     | Killed a two-headed ogre
  8893 | D:11     | Reached skill level 18 in Axes
  8954 | D:11     | Found a blossoming altar of Fedhas.
  9502 | D:12     | Noticed a white ugly thing
  9515 | D:12     | Demolished by a white ugly thing

Skill      XL: |  1  2  3  4  5  6  7  8  9 10 11 |
---------------+----------------------------------+-----
Axes           | 4 5 6 7 8 10 11 13 16 18 | 18.3
Fighting       | 4 5 6 7 |  7.5
Armour         | 3 4 5 6 8 |  8.9
Dodging        | |  2.1

Action                   |  1- 3 |  4- 6 |  7- 9 | 10-12 || total
-------------------------+-------+-------+-------+-------++-------
Melee: Hand axe          |    93 |   122 |   422 |     7 ||   644
       Headbutt          |    11 |    25 |    82 |    37 ||   155
       Broad axe         |       |       |       |   194 ||   194
       War axe           |       |       |       |     1 ||     1
Invok: Berserk           |       |     2 |    10 |     6 ||    18
       Burn Spellbooks   |       |     1 |       |     3 ||     4
       Trog's Hand       |       |       |     4 |     2 ||     6
  Use: Scroll            |       |       |     4 |       ||     4
  Eat: Chunk             |     2 |    18 |    28 |    13 ||    61
Armor: Chain mail        |    55 |    61 |   163 |    10 ||   289
       Scale mail        |     1 |       |       |       ||     1
       Plate armour      |       |       |       |   103 ||   103
Dodge: Dodged            |    55 |    45 |   175 |   117 ||   392
